 Dungeon Crawl Stone Soup version 0.28-a0-1447-ga5a8893891 (webtiles) character file.

Game seed: 9046339197965908169

90 rogsnak the Gusty (level 4, -3/33 HPs)
             Began as a Draconian Air Elementalist on Jan 11, 2022.
             Was an Initiate of Ru.
             Slain by Grinder (5 damage)
             ... while paralysed by Grinder
             ... on level 3 of the Dungeon.
             The game lasted 00:04:41 (3674 turns).

rogsnak the Gusty (Draconian Air Elementalist)      Turns: 3674, Time: 00:04:42

Health: -3/33      AC:  7    Str: 17    XL:     4   Next: 32%
Magic:  0/8        EV:  2    Int: 17    God:    Ru [......]
Gold:   180        SH:  0    Dex: 11    Spells: 7/8 levels left

rFire   . . .      SeeInvis .   n - +0 dagger (protect)
rCold   . . .      Faith    .   r - orb {light}
rNeg    . . .      Spirit   .   (armour unavailable)
rPois   .          Reflect  .   (helmet restricted)
rElec   .          Harm     .   s - +1 cloak
rCorr   .          Rampage  .   (no gloves)
Will    .....                   (no boots)
Stlth   +.........              (no amulet)
HPRegen 0.11/turn               e - +6 ring of strength
MPRegen 0.11/turn               (no ring)

@: paralysed, very slightly contaminated, glowing
A: AC +5, unfitting armour, cold-blooded
a: Renounce Religion


You were on level 3 of the Dungeon.
You worshipped Ru.
Ru was noncommittal.
You visited 1 branch of the dungeon, and saw 3 of its levels.

You collected 180 gold pieces.

Inventory:

Hand Weapons
 c - a +0 long sword
 h - a +0 quarterstaff
 n - a +0 dagger of protection (weapon)
Missiles
 p - 3 curare-tipped darts
Armour
 r - an orb of light (worn)
 s - a +1 cloak (worn)
Magical Staves
 l - a staff of fire
Jewellery
 e - a +6 ring of strength (left hand)
 k - a ring of resist corrosion
Scrolls
 a - 6 scrolls of identify {unknown}
 f - 2 scrolls of immolation {unknown}
 j - 3 scrolls of teleportation {unknown}
 m - 2 scrolls of blinking {unknown}
 q - a scroll of enchant armour {unknown}
 u - a scroll of magic mapping {unknown}
Potions
 b - 2 potions of degeneration {unknown}
 d - a potion of flight {unknown}
 g - a potion of haste {unknown}
 i - 2 potions of brilliance {unknown}
 o - a potion of heal wounds {unknown}
 t - 2 potions of curing {unknown}
 v - a potion of invisibility {unknown}


   Skills:
 + Level 2.1 Dodging
 - Level 1.7 Stealth
 + Level 2.7 Spellcasting
 * Level 2.1 Conjurations
 + Level 4.0 Air Magic


You had 7 spell levels left.
You knew the following spells:

 Your Spells              Type           Power      Damage    Failure   Level
a - Shock                 Conj/Air       48%        1d6       4%          1

Your spell library contained the following spells:

 Spells                   Type           Power      Damage    Failure   Level
 Static Discharge         Conj/Air       12%        N/A       8%          2
 Swiftness                Air            16%        N/A       11%         3
 Airstrike                Air            8%         N/A       34%         4


Dungeon Overview and Level Annotations

Branches:
Dungeon (3/15)

Altars:
Ru
Yredelemnul

Annotations:
D:3 Grinder


Innate Abilities, Weirdness & Mutations

Your plain brown scales are hard. (AC +5)
You cannot fit into any form of body armour.
You are cold-blooded and may be slowed by cold attacks.


Message History

Nothing appears to happen.
Grinder hits you!
* * * LOW HITPOINT WARNING * * *
You writhe in agony.
* * * LOW HITPOINT WARNING * * *
Casting: Shock (safe; 4% risk of failure)
Confirm with . or Enter, or press ? or * to list all spells.
You don't have enough magic to cast this spell.
Unknown command.
Unknown command.
Unknown command.
Casting: Shock (safe; 4% risk of failure)
Confirm with . or Enter, or press ? or * to list all spells.
You don't have enough magic to cast this spell.
Unknown command.
You closely miss Grinder.
Grinder is almost dead.
Grinder barely misses you.
Unknown command.
Unknown command.
Press: ? - help, v - describe, . - travel
Here: Grinder (almost dead, haloed)
The floor.
You aren't carrying any items that you can evoke.
Unknown command.
You barely miss Grinder.
Grinder is almost dead.
Grinder closely misses you.
Unknown command.
Unknown command.
You hit Grinder but do no damage.
Your weapon exudes an aura of protection.
You tail-slap Grinder, but do no damage.
Grinder is almost dead.
Grinder gestures at you.
You suddenly lose the ability to move!
Grinder hits you but does no damage. Grinder gestures at you.
You resist with significant effort. Grinder hits you.
You die...

#.........>')........
#..........#.........
#..........#.........
##.........#.........
#.#######.######....
#.#.....#...........
#.......############
#...[...# #..@....#
###### #..5....#
#..... #.#.###.#
#..... #.#...# #
#..... #.###.# .
#..... #.#...# ...
#..... #.#.###.....
#..... #...........
#..... ###.###.....
#.....


You could see Grinder.

Vanquished Creatures
  3 adders
  A dart slug (D:2)
  4 orcs
  9 endoplasms
  8 goblins
  6 hobgoblins
  2 kobolds
  4 ball pythons (D:2)
  5 bats
  5 frilled lizards
  6 rats
53 creatures vanquished.

Vanquished Creatures (others)
  A fungus (D:2)
  A plant (D:2)
2 creatures vanquished.

Grand Total: 55 creatures vanquished

Notes
Turn   | Place    | Note
-------+----------+-------------------------------------------
     0 | D:1      | rogsnak the Draconian Air Elementalist began the quest for
                  | the Orb.
     0 | D:1      | Reached XP level 1. HP: 14/14 MP: 3/3
   634 | D:1      | Reached XP level 2. HP: 20/20 MP: 3/5
  1782 | D:2      | Reached XP level 3. HP: 18/26 MP: 0/6
  2675 | D:2      | Found a faded altar of an unknown god.
  2867 | D:3      | Found a basalt altar of Yredelemnul.
  2934 | D:3      | Found a sacrificial altar of Ru.
  2946 | D:3      | Became a worshipper of Ru the Awakened
  3332 | D:3      | Reached skill level 4 in Air Magic
  3332 | D:3      | Reached XP level 4. HP: 33/33 MP: 1/7
  3646 | D:3      | Noticed Grinder
  3661 | D:3      | Paralysed by Grinder for 2 turns
  3671 | D:3      | Paralysed by Grinder for 4 turns
  3674 | D:3      | Slain by Grinder

Illustrated notes

Levels and vault maps discovered:
D:1:      tarquinn_simple_flora_water_d, layout_loops_cross,
          roderic_serpentine_path, hangedman_decor_growths
D:2:      layout_basic, shapermc_ecumenical_altar_petra, grunt_ministairs_9,
          minivault_4, minmay_randomly_rotated_circles
D:3:      minmay_wonky_spiral, layout_basic, nicolae_ru_sacrificial_ziggurat,
          old_standard_altar, serial_glass, glass_columns_c, glass_columns_a,
          feat_on_display, minmay_strange_pillars, uniq_grinder

Skill      XL: |  1  2  3 |
---------------+----------+-----
Dodging        | 2 |  2.1
Conjurations   | 2 |  2.1
Air Magic      | 4 |  4.0
Stealth        | |  1.7
Spellcasting   | |  2.7

Action                   |  1- 3 |  4- 6 || total
-------------------------+-------+-------++-------
Melee: Unarmed           |    35 |       ||    35
       Tailslap          |     3 |     1 ||     4
       Quarterstaff      |    11 |       ||    11
       Long sword        |     1 |       ||     1
       Dagger            |       |     3 ||     3
 Cast: Shock             |    85 |    18 ||   103
Armor: Skin              |    11 |     5 ||    16
Dodge: Dodged            |    28 |     2 ||    30

Table legend: (Time is in decaauts)
 A = Elapsed time spent in this place.
 B = Non-inter-level travel time spent in this place.
 C = Inter-level travel time spent in this place.
 D = Time resting spent in this place.
 E = Time spent auto-exploring this place.
 F = Levels seen in this place.
 G = Mean time per level.
                   A        B        C        D        E       F      G
               +--------+--------+--------+--------+--------+-----+--------+
         Total |   3677 |   3599 |     78 |    615 |   2534 |   3 | 1225.7 |
       Dungeon |   3677 |   3599 |     78 |    615 |   2534 |   3 | 1225.7 |
               +--------+--------+--------+--------+--------+-----+--------+

Top non-repeatable levels by time:
     D:2: 1516 daAuts
     D:1: 1292 daAuts
     D:3: 868 daAuts
